 Dungeon Crawl Stone Soup version 0.29.1-13-g9f3cf754e1 (webtiles) character file.

Game seed: 8655763996257185628

107 croobank the Chiller (level 4, -2/32 HPs)
             Began as a Demonspawn Ice Elementalist on Feb 11, 2023.
             Slain by a river rat (5 damage)
             ... summoned by Eustachio
             ... on level 4 of the Dungeon.
             The game lasted 00:08:43 (4463 turns).

croobank the Chiller (Demonspawn Ice Elementalist)  Turns: 4463, Time: 00:08:44

Health: -2/32      AC: 11    Str:  8      XL:     4   Next: 56%
Magic:  2/7        EV: 12    Int: 18      God:
Gold:   145        SH:  0    Dex: 13 (14) Spells: 0/8 levels left

rFire   . . .      SeeInvis .   a - +0 dagger
rCold   . . .      Faith    .   (no shield)
rNeg    . . .      Spirit   .   c - +0 robe
rPois   .          Reflect  .   (no helmet)
rElec   .          Harm     .   (no cloak)
rCorr   .          Rampage  .   i - +0 pair of gloves
Will    .....                   (no boots)
Stlth   ++........              (no amulet)
HPRegen 0.10/turn               (no ring)
MPRegen 0.10/turn               (no ring)

@: mighty, ice-armoured, about to teleport
A: molten scales 1, powered by pain 1
a: no special abilities


You were on level 4 of the Dungeon.
You visited 1 branch of the dungeon, and saw 4 of its levels.

You collected 145 gold pieces.

Inventory:

Hand Weapons
 a - a +0 dagger (weapon)
 b - a +0 sling
 e - a +0 halberd of distortion
 r - a +0 quarterstaff
 v - a +0 trident
Missiles
 f - 28 stones (quivered)
 p - 4 poisoned darts
 x - 6 javelins
Armour
 c - a +0 robe (worn)
 i - a +0 pair of gloves (worn)
Magical Staves
 w - a staff of death
Jewellery
 h - an amulet of guardian spirit
Scrolls
 j - a scroll of blinking {unknown}
 t - a scroll of enchant armour {unknown}
Potions
 d - a potion of invisibility
 g - a potion of attraction
 l - a potion of curing
 m - a potion of lignification
 n - 2 potions of might {unknown}
 o - a potion of flight {unknown}
 q - 3 potions of haste {unknown}
 s - a potion of mutation {unknown}
 u - a potion of magic


   Skills:
 + Level 1.4 Fighting
 + Level 2.5 Dodging
 + Level 2.6 Stealth
 + Level 2.6 Spellcasting
 + Level 0.2 Transmutations
 + Level 4.0 Ice Magic


You couldn't memorise any spells.
You knew the following spells:

 Your Spells              Type           Power      Damage    Failure   Level
a - Freeze                Ice            68%        1d8       3%          1
b - Frozen Ramparts       Ice            34%        1d6       10%         3
c - Ozocubu's Armour      Ice            17%        N/A       10%         3
d - Beastly Appendage     Tmut           6%         N/A       16%         1

Your spell library contained the following spells:

 Spells                   Type           Power      Damage    Failure   Level
 Wereblood                Tmut           3%         N/A       24%         2
 Poisonous Vapours        Pois/Air       4%         N/A       26%         2
 Spider Form              Tmut/Pois      2%         N/A       43%         3
 Hailstorm                Conj/Ice       9%         3d4       58%         4
 Corpse Rot               Necr/Pois/Air  2%         N/A       86%         4


Dungeon Overview and Level Annotations

Branches:
Dungeon (4/15)
 Temple: D:4-7

Altars:

Annotations:
D:4 1 transporter, Eustachio; zeram's ghost, amateur GnSu


Innate Abilities, Weirdness & Mutations

You are partially covered in molten scales. (AC +2)
You sometimes gain a little power by taking damage.


Message History

Eustachio blinks!
You hit the ufetubus.
You kill the ufetubus!
The ufetubus disappears in a puff of smoke!
The ufetubus hits you.
The ufetubus hits you but does no damage.
The quasit bites you but does no damage.
The quasit barely misses you. The quasit claws you.
* * * LOW HITPOINT WARNING * * *
You feel clumsy.
The river rat bites you but does no damage.
The ufetubus hits you but does no damage.
The ufetubus closely misses you.
The quasit bites you but does no damage.
The quasit claws you but does no damage.
The quasit closely misses you.
You hit Eustachio.
Eustachio is lightly wounded.
Your surroundings flicker for a moment.
The ufetubus hits you.
* * * LOW HITPOINT WARNING * * *
The ufetubus closely misses you. The quasit misses you.
The quasit barely misses you. x2; Eustachio closely misses you.
The river rat closely misses you.
You feel better. The ufetubus misses you. The ufetubus barely misses you.
The quasit barely misses you.
The quasit claws you but does no damage. x2
Eustachio hits you with a +2 rapier of electrocution.
You are electrocuted!
* * * LOW HITPOINT WARNING * * *
You focus on the pain.
You feel very mighty all of a sudden. The ufetubus closely misses you.
The ufetubus misses you.
The river rat bites you but does no damage.
As you read the scroll of teleportation, it crumbles to dust.
You feel strangely unstable. The quasit closely misses you.
The quasit misses you.
The quasit claws you but does no damage.
The ufetubus hits you but does no damage. x2
The river rat bites you.
You die...

. ### #. # .. #.##.
.###### ##..#. .......
..#...###### ....##
#.......... .##..##
###..r@5#
......#####....5@.#
...........<#.###.#
##....### ##. #.# ###...#
#.. #.### # #...## #.#
#...# # #....## #.# ###.#
##.## # ####..#
##.######.#......
#######.###..............#
.............####.########


You could see Eustachio, a quasit (summoned), a river rat (summoned) and an
ufetubus (summoned).

Vanquished Creatures
  3 gnolls (D:2)
  2 adders
  A dart slug (D:2)
  A worm (D:3)
  2 orcs (D:3)
  3 bats
  4 endoplasms
  5 giant cockroaches
  4 goblins
  7 hobgoblins
  5 jackals
  A quokka (D:3)
  2 ball pythons (D:2)
  4 frilled lizards
  5 kobolds (D:3)
49 creatures vanquished.

Vanquished Creatures (others)
  9 plants (D:3)
9 creatures vanquished.

Grand Total: 58 creatures vanquished

Notes
Turn   | Place    | Note
-------+----------+-------------------------------------------
     0 | D:1      | croobank the Demonspawn Ice Elementalist began the quest
                  | for the Orb.
     0 | D:1      | Reached XP level 1. HP: 13/13 MP: 3/3
   828 | D:1      | Gained mutation: You are partially covered in molten
                  | scales. (AC +2) [demonic ancestry]
   828 | D:1      | Reached XP level 2. HP: 17/19 MP: 1/5
  1866 | D:2      | Reached XP level 3. HP: 25/25 MP: 4/6
  1870 | D:2      | Learned a level 3 spell: Frozen Ramparts
  2121 | D:2      | Found a faded altar of an unknown god.
  2327 | D:2      | Reached skill level 1 in Fighting
  2777 | D:3      | Gained mutation: You sometimes gain a little power by
                  | taking damage. [demonic ancestry]
  2777 | D:3      | Reached XP level 4. HP: 32/32 MP: 3/7
  2872 | D:3      | Learned a level 3 spell: Ozocubu's Armour
  3053 | D:3      | Learned a level 1 spell: Beastly Appendage
  3058 | D:3      | Reached skill level 4 in Ice Magic
  4386 | D:4      | Found a transporter.
  4392 | D:4      | Noticed zeram's ghost (amateur GnSu)
  4439 | D:4      | Noticed Eustachio
  4463 | D:4      | Slain by a river rat

Illustrated notes

Levels and vault maps discovered:
D:1:      elethiomel_arrival_shortcut, layout_loops_ring, st_stairs_8
D:2:      layout_basic, shapermc_ecumenical_altar_notcrosses
D:3:      layout_loops_ring, lexackson_kobold_supper
D:4:      layout_rooms, nicolae_overflow_hidden_temple,
          gammafunk_ghost_stat_death, uniq_eustachio, uniq_duvessa,
          uniq_menkaure

Skill      XL: |  1  2  3  4 |
---------------+-------------+-----
Stealth        | 2 |  2.6
Dodging        | 2 |  2.5
Fighting       | 1 |  1.4
Ice Magic      | 4 |  4.0
Spellcasting   | |  2.6
Transmutations | |  0.2

Action                   |  1- 3 |  4- 6 || total
-------------------------+-------+-------++-------
Melee: Unarmed           |     6 |       ||     6
       Dagger            |    17 |    31 ||    48
       Headbutt          |       |     1 ||     1
Throw: Dart              |     4 |       ||     4
       Stone             |     1 |       ||     1
 Cast: Freeze            |    21 |     6 ||    27
       Frozen Ramparts   |     9 |    15 ||    24
       Ozocubu's Armour  |       |     6 ||     6
       Beastly Appendage |       |     3 ||     3
  Use: Scroll            |     7 |     4 ||    11
       Potion            |       |     1 ||     1
 Stab: Sleeping          |     2 |     1 ||     3
Armor: Robe              |       |    63 ||    63
Dodge: Dodged            |    29 |    89 ||   118
